 Dungeon Crawl Stone Soup version 0.16.1-12-gf5c4a84 (webtiles) character file.

76 Sagrath the Cudgeler (level 4, -2/33 HPs)
             Began as a Demonspawn Gladiator on Apr 8, 2015.
             Slain by Natasha (8 damage)
             ... on level 3 of the Dungeon.
             The game lasted 00:06:59 (1648 turns).

Sagrath the Cudgeler (Demonspawn Gladiator)         Turns: 1648, Time: 00:06:59

Health: -2/33      AC:  4    Str: 17    XL:     4   Next: 12%
Magic:  4/4        EV: 13    Int:  9    God:
Gold:   140        SH:  0    Dex: 15    Spells: 0 memorised, 3 levels left

rFire  . . .     SeeInvis .     a - +0 flail
rCold  . . .     Clarity  .     b - +0 leather armour
rNeg   . . .     SustAb   .     (no shield)
rPois  .         Gourm    .     c - +0 helmet
rElec  .         Spirit   .     (no cloak)
rCorr  .         Warding  .     (no gloves)
rMut   .         Stasis   .     (no boots)
MR     .....                    (no amulet)
Stlth  ++........               (no ring)
                                (no ring)

@: not resistant to hostile enchantments, unstealthy
A: hooves 1, thin skeletal structure 1
a: no special abilities


You were on level 3 of the Dungeon.
You were hungry.

You visited 1 branch of the dungeon, and saw 3 of its levels.

You collected 140 gold pieces.

Inventory:

Hand weapons
 a - a +0 flail (weapon)
Missiles
 d - 3 throwing nets (quivered)
 k - 5 curare-tipped needles
 l - 12 poisoned needles
 n - 23 bolts
 q - 13 arrows
Armour
 b - a +0 leather armour (worn)
 c - a +0 helmet (worn)
Magical staves
 s - an uncursed staff of energy {unknown}
Jewellery
 e - an uncursed ring of protection from cold {unknown}
Scrolls
 g - a scroll of blinking {unknown}
 h - a scroll of enchant weapon {unknown}
 i - a scroll of noise {unknown}
 o - a scroll of enchant armour {unknown}
 p - a scroll of amnesia {unknown}
Comestibles
 f - a bread ration
 r - a royal jelly


   Skills:
 - Level 2.0 Fighting
 - Level 4.0 Maces & Flails
 - Level 1.7 Throwing
 + Level 3.4 Dodging


You had 3 spell levels left.
You didn't know any spells.

Dungeon Overview and Level Annotations

Branches:
Dungeon (3/15)

Altars:

Annotations:
D:3 Natasha


Innate Abilities, Weirdness & Mutations

You have large cloven feet.
You have a somewhat thin skeletal structure (Dex +2, Stealth).


Message History

Natasha is moderately wounded.
Natasha claws you.
You hit Natasha but do no damage. Your kick misses Natasha.
Natasha is moderately wounded.
The shadow imp disappears in a puff of smoke!
Natasha misses you.
You miss Natasha. You kick Natasha, but do no damage.
Natasha is moderately wounded.
Natasha misses you.
You sock Natasha!
Natasha is almost dead.
Natasha drinks a potion.
Natasha is healed!
You have identified the last healing potion.
Natasha stares at you and mumbles some strange words.
The magic dart hits you!
* * * LOW HITPOINT WARNING * * *
Drink which item? (? for menu, Esc to quit)
It was a potion of restore abilities.
You feel refreshed.
The crimson imp blinks!
Natasha claws you!
You die...

>........# #....(.#
##### #####'###......#
....# #......##......#
....###......##......#
....'.'......''5.....+
....###......##......#
....###........#§....#
###..##.......##h#####
##.##.......##@#
#.##.......##§#
#..#.......##.#
##.#..........#
+...............
###.#.##.......
#...........#
##.########.# #..# #..


You could see Natasha and a crimson imp.

Vanquished Creatures
  3 adders
  A worm (D:2)
  4 giant geckos
  An ooze (D:3)
  7 bats
  3 giant cockroaches (D:1)
  3 hobgoblins
  7 kobolds
  A ball python (D:2)
  2 giant newts (D:2)
  3 goblins
  2 rats (D:2)
37 creatures vanquished.

Notes
Turn   | Place    | Note
--------------------------------------------------------------
     0 | D:1      | Sagrath, the Demonspawn Gladiator, began the quest for the Orb.
     0 | D:1      | Reached XP level 1. HP: 16/16 MP: 1/1
   140 | D:1      | Reached skill level 3 in Maces & Flails
   190 | D:1      | Gained mutation: You have large cloven feet. [demonic ancestry]
   190 | D:1      | Reached XP level 2. HP: 19/22 MP: 2/2
   496 | D:1      | Gained mutation: You have a somewhat thin skeletal structure (Dex +2, Stealth). [demonic ancestry]
   496 | D:1      | Reached XP level 3. HP: 24/27 MP: 3/3
   791 | D:2      | Reached skill level 4 in Maces & Flails
  1609 | D:3      | Reached XP level 4. HP: 24/33 MP: 4/4
  1628 | D:3      | Noticed Natasha
  1648 | D:3      | Slain by Natasha

Action                   |  1- 3 |  4- 6 || total
-------------------------+-------+-------++-------
Melee: Flail             |   142 |    12 ||   154
Throw: Throwing net      |     2 |       ||     2
  Use: Potion            |       |     2 ||     2
 Stab: Held in net/web   |     1 |       ||     1
       Sleeping          |     2 |       ||     2
  Eat: Chunk             |     1 |     1 ||     2
